 Dungeon Crawl Stone Soup version 0.26-a0-958-gf3041fb45f (webtiles) character file.

Game seed: 15523544475197862880

280573 dolemite99 the Warlock (level 20, -28/157 HPs)
             Began as a Gnoll Ice Elementalist on Nov 29, 2020.
             Was a High Priest of Vehumet.
             Killed from afar by a fire dragon (50 damage)
             ... with a blast of flame
             ... on level 15 of the Dungeon on Dec 2, 2020.
             The game lasted 03:12:44 (92604 turns).

dolemite99 the Warlock (Gnoll Ice Elementalist)    Turns: 92604, Time: 03:12:44

Health: -28/157    AC: 29    Str: 14    XL:     20   Next: 48%
Magic:  18/38      EV: 20    Int: 28    God:    Vehumet [*****.]
Gold:   1116       SH: 11    Dex: 17    Spells: 4/47 levels left

rFire    . . .     SeeInvis .   O - +4 eveningstar (protect)
rCold    . . .     Faith    .   V - +3 warlock's mirror {reflect}
rNeg     . . .     Spirit   .   e - +0 swamp dragon scales
rPois    +         Reflect  +   j - +1 helmet
rElec    .         Harm     .   Q - +2 cloak
rCorr    .         Rampage  +   L - +1 pair of gloves
MR       ++...                  p - +1 pair of boots {rampage}
Stlth    +++++.....             v - amulet of regeneration
HPRegen  0.76/turn              W - +6 ring of intelligence {=R}
MPRegen  0.26/turn              h - ring of protection from magic

@: protection aura
A: distributed training, fangs 1, strong nose
}: 2/15 runes: decaying, gossamer
a: Renounce Religion


You were on level 15 of the Dungeon.
You worshipped Vehumet.
Vehumet was extremely pleased with you.
You visited 8 branches of the dungeon, and saw 38 of its levels.
You visited 1 bazaar.
You also visited: Sewer and Bailey.

You collected 7102 gold pieces.
You spent 5986 gold pieces at shops.

Inventory:

Hand Weapons
 a - a +4 demon trident of protection
 K - a +3 demon blade of freezing
 O - a +4 eveningstar of protection (weapon)
Missiles
 d - 21 boomerangs (quivered)
 k - 4 silver javelins
 t - 13 javelins
 E - 15 curare-tipped darts
Armour
 e - +0 swamp dragon scales (worn)
 j - a +1 helmet (worn)
 p - a +1 pair of boots of rampaging (worn)
 L - a +1 pair of gloves (worn)
 Q - a +2 cloak (worn)
 V - the +3 warlock's mirror (worn) {reflect}
   (You found it on level 5 of the Lair of Beasts)
Magical Staves
 w - an uncursed staff of poison {='}
Jewellery
 f - an uncursed ring of protection from fire
 h - a ring of protection from magic (right hand)
 q - an uncursed ring of positive energy
 v - an amulet of regeneration (around neck)
 y - an uncursed amulet of faith
 z - an uncursed ring of see invisible
 N - an uncursed ring of protection from cold
 W - a +6 ring of intelligence (left hand) {=R}
Wands
 b - a wand of paralysis (23)
 g - a wand of enslavement (7)
 i - a wand of digging (11)
 S - a wand of iceblast (7)
 Y - a wand of polymorph (35)
Scrolls
 c - a scroll of silence
 l - a scroll of blinking
 m - 17 scrolls of remove curse {@r2}
 n - 8 scrolls of fear
 o - 14 scrolls of teleportation
 B - 15 scrolls of identify {@r1}
 I - 5 scrolls of fog
 J - a scroll of amnesia
Potions
 r - 8 potions of berserk rage
 s - 11 potions of curing
 u - 2 potions of resistance
 x - 3 potions of invisibility
 A - 4 potions of might
 D - 8 potions of flight
 G - 7 potions of haste
 M - 10 potions of brilliance
 P - 6 potions of heal wounds
 X - a potion of ambrosia
 Z - 2 potions of magic
Miscellaneous
 C - a box of beasts (inert)
 F - a condenser vane (inert)
 H - a tin of tremorstones (1/2)
 R - a lightning rod (1/4)
 T - a phial of floods
 U - a phantom mirror (inert)


   Skills:
 + Level 13.4 Fighting
 + Level 13.4 Short Blades
 + Level 13.4 Long Blades
 + Level 13.4 Axes
 + Level 13.4 Maces & Flails
 + Level 13.4 Polearms
 + Level 13.4 Staves
 + Level 13.4 Slings
 + Level 13.4 Bows
 + Level 13.4 Crossbows
 + Level 13.4 Throwing
 + Level 13.4 Armour
 + Level 14.0 Dodging
 + Level 13.9 Stealth
 + Level 13.4 Shields
 + Level 13.4 Unarmed Combat
 + Level 14.1 Spellcasting
 + Level 11.5 Conjurations
 + Level 11.5 Hexes
 + Level 11.5 Summonings
 + Level 11.5 Necromancy
 + Level 11.5 Translocations
 + Level 11.5 Transmutations
 + Level 11.5 Fire Magic
 + Level 13.2 Ice Magic
 + Level 11.5 Air Magic
 + Level 11.5 Earth Magic
 + Level 11.5 Poison Magic
 + Level 14.4 Invocations
 + Level 13.4 Evocations


You had 4 spell levels left.
You knew the following spells:

 Your Spells              Type           Power        Failure   Level
a - Fulminant Prism       Conj/Hex       ######....   1%          4
b - Summon Lightning Spi  Summ/Air       ######..     1%          4
c - Frozen Ramparts       Ice            ######       1%          3
d - Summon Ice Beast      Ice/Summ       ######..     1%          4
e - Mephitic Cloud        Conj/Pois/Air  ######..     1%          3
f - Animate Dead          Necr           ######....   1%          4
g - Eringya's Noxious Bo  Tmut/Pois      ######....   6%          6
h - Iron Shot             Conj/Erth      ######....   1%          6
i - Blink                 Tloc           N/A          1%          2
j - Statue Form           Tmut/Erth      ######...    6%          6
k - Apportation           Tloc           ######       1%          1

Your spell library contained the following spells:

 Spells                   Type           Power        Failure   Level
 Ignition                 Fire           ######....   50%         8
 Fire Storm               Conj/Fire      ######....   100%        9
 Tornado                  Air            ######....   100%        9
 Freeze                   Ice            ####         0%          1
 Animate Skeleton         Necr           ######       1%          1
 Corona                   Hex            ######.      1%          1
 Magic Dart               Conj           ####         1%          1
 Pain                     Necr           ####         1%          1
 Sandblast                Erth           ######       1%          1
 Shock                    Conj/Air       ####         1%          1
 Summon Small Mammal      Summ           ####         1%          1
 Call Imp                 Summ           ######..     1%          2
 Poisonous Vapours        Pois/Air       ######       1%          2
 Searing Ray              Conj           ######       1%          2
 Slow                     Hex            ######..     1%          2
 Wereblood                Tmut           ######..     1%          2
 Call Canine Familiar     Summ           ######..     1%          3
 Conjure Flame            Conj/Fire      ######..     1%          3
 Dazzling Flash           Conj/Hex       ######       1%          3
 Inner Flame              Hex/Fire       ######..     1%          3
 Lesser Beckoning         Tloc           ######....   1%          3
 Ozocubu's Armour         Ice            #######.     1%          3
 Portal Projectile        Hex/Tloc       ######       1%          3
 Spider Form              Tmut/Pois      ######....   1%          3
 Summon Guardian Golem    Hex/Summ       ######..     1%          3
 Tukima's Dance           Hex            ######..     1%          3
 Vampiric Draining        Necr           ######....   1%          3
 Airstrike                Air            ######....   1%          4
 Cause Fear               Hex            ######....   1%          4
 Hailstorm                Conj/Ice       ######..     1%          4
 Ice Form                 Ice/Tmut       ######..     1%          4
 Iskenderun's Mystic Bla  Conj/Tloc      ######..     1%          4
 Leda's Liquefaction      Hex/Erth       ######....   1%          4
 Olgreb's Toxic Radiance  Pois           ######..     1%          4
 Passage of Golubria      Tloc           N/A          1%          4
 Agony                    Necr           ######..     1%          5
 Alistair's Intoxication  Tmut/Pois      ######...    1%          5
 Bolt of Magma            Conj/Fire/Erth ######....   1%          5
 Irradiate                Conj/Tmut      ######....   1%          5
 Iskenderun's Battlesphe  Conj           ######..     1%          5
 Lightning Bolt           Conj/Air       ######....   1%          5
 Silence                  Hex/Air        ######....   1%          5
 Yara's Violent Unravell  Hex/Tmut       ######....   1%          5
 Invisibility             Hex            ######..     6%          6
 Orb of Destruction       Conj           ######....   9%          7
 Spellforged Servitor     Conj/Summ      ######....   9%          7
 Malign Gateway           Summ/Tloc      ######....   32%         7
 Discord                  Hex            ######....   94%         8
 Shatter                  Erth           ######....   100%        9


Dungeon Overview and Level Annotations

Branches:
Dungeon (15/15)            Temple (0/1) D:5            Lair (6/6) D:8
  Swamp (4/4) Lair:4       Spider (4/4) Lair:2        Slime (0/5) Lair:5
    Orc (2/2) D:9             Elf (2/3) Orc:2        Vaults (4/5) D:14
  Crypt (0/3) Vaults:3     Depths (1/5) D:15          Sewer (visited)
 Bailey (visited)

Altars:
Dithmenos
Elyvilon
Fedhas
Gozag
Hepliaklqana
Nemelex Xobeh
Ru
Vehumet
Xom
Yredelemnul
The Shining One
Jiyva

Shops:
D:4 }}:!(   D:6 !?!(:   D:12 (   Orc:2 }(!?   Elf:1 !?*}   Vaults:1 [
Vaults:2 (   Vaults:3 }   Depths:1 }*

Portals:
Pandemonium: Orc:2

Annotations:
D:4 exclusion: statue
D:10 2 transporters
Lair:2 3 runed translucent doors
Lair:3 exclusion: hydra
Spider:3 exclusion: 2 ice statues, Mara
Elf:2 3 runed translucent doors
Vaults:3 exclusion: downstairs


Innate Abilities, Weirdness & Mutations

Your experience applies equally to all skills.
You have very sharp teeth.
Your uncanny sense of smell can sniff out nearby items.


Message History

You block the fire dragon's attack.
Your stone giant zombie hits the fire dragon.
The green ugly thing headbutts your stone giant zombie but does no damage.
You climb upwards.
Welcome back to the Dungeon!
Your mindless thrall stays behind.
There is a staircase to the Depths here.
You closely miss the fire dragon.
The fire dragon is lightly wounded.
The fire dragon breathes flames at you. The blast of flame hits you!!!
* * * LOW HITPOINT WARNING * * *
The blast of flame hits you!
* * * LOW HITPOINT WARNING * * *
You hit the fire dragon.
Your weapon exudes an aura of protection.
Your bite misses the fire dragon.
The fire dragon is lightly wounded.
The fire dragon breathes flames at you. The blast of flame hits you!!!
You die...

#.#####...#.........# #.#
........#.....[...#.# #.#
#.#####...##.######.# #.#
#.#######<##.######## #.#
#...........##.....## #.#
#########.###.......## #.#
#.##..#####..# #.# #..#)(#..[#..#
##.## ##.'..#.@.'..# ##...##
###.[#.D.#..# ##...[.##
#..#####..###.......##
##.......###.........#
##.....###..<.......#
####################..#.........#
.............#.##=####.#.......##
.###########.#.##.# ##.#.....##
.# ### #.#.##.# #.##...##


You could see a fire dragon (catching breath).

Vanquished Creatures
  Nikola (Spider:4)
  Jorgrun (D:14)
  A tentacled monstrosity (Vaults:4)
  Agnes (Vaults:2)
  A sphinx (Vaults:4)
  An ancient champion (Vaults:2)
  A storm dragon (Vaults:4)
  A tengu reaver (Vaults:2)
  2 frost giants
  4 ghost moths
  An emperor scorpion (Spider:2)
  Aizul (Spider:4)
  3 vault wardens
  A spriggan defender (Vaults:2)
  3 ironheart preservers
  4 stone giants
  3 entropy weavers
  Azrael (Spider:2)
  2 deep elf demonologists
  A spark wasp (shapeshifter) (Depths:1)
  A bunyip (Swamp:2)
  The ghost of Kaofid the Geomancer, a journeyman GrEE of Vehumet (Lair:5)
  2 ettins
  2 fire dragons
  2 eleionomae
  Snorg (D:12)
  2 deep elf death magi
  A crystal guardian (Vaults:4)
  A shambling mangrove (Swamp:4)
  2 yaktaur captains
  A rakshasa (Vaults:1)
  10 vault guards
  6 hydras
  7 centaur warriors
  A ghost crab (Swamp:4)
  4 boulder beetles
  A death knight (Vaults:1)
  15 two-headed ogres
  2 deep troll shamans
  4 ogre magi
  An alligator (Swamp:1)
  A tengu warrior (D:15)
  8 dancing weapons
  2 deep troll earth magi
  4 orc high priests (Orc:2)
  16 deep elf knights
  3 skeletal warriors (Vaults:3)
  A storm dragon skeleton (Vaults:3)
  A shadow wraith (Vaults:4)
  A goliath frog (Swamp:3)
  3 swamp dragons
  2 deep trolls
  4 unseen horrors
  An infernal demonspawn (Orc:2)
  A flayed ghost (Vaults:1)
  A torturous demonspawn (Orc:2)
  2 wizards
  A bog body (Swamp:4)
  5 orc knights
  5 deep elf archers
  An obsidian statue (Vaults:3)
  39 deep elf magi
  A lindwurm (Lair:6)
  2 orc sorcerers (Orc:2)
  8 ironbrand convokers
  A wolf spider (shapeshifter) (Elf:1)
  17 wolf spiders
  13 ugly things
  An orb spider (shapeshifter) (Vaults:1)
  2 cyclopes
  2 manticores
  2 tengu skeletons (Vaults:3)
  3 orb spiders
  2 necromancers
  A shadow dragon skeleton (Vaults:3)
  A will-o-the-wisp (Swamp:2)
  A moth of wrath (Spider:3)
  A stone giant skeleton (Vaults:3)
  5 vault sentinels
  An ice statue (D:9)
  A frost giant skeleton (Vaults:3)
  3 centaur zombies
  2 black mambas
  6 torpor snails
  A cane toad (Lair:1)
  4 centaur skeletons
  2 rime drakes (Lair:3)
  4 komodo dragons
  32 yaktaurs
  2 demonic crawlers
  7 freezing wraiths
  A tengu conjurer (D:15)
  2 yaktaur skeletons (Vaults:3)
  11 hornets
  10 jumping spiders
  4 polar bears (Lair:6)
  7 trolls
  3 meliai (Spider:2)
  A tyrant leech (Swamp:4)
  4 blink frogs (Lair:1)
  An ettin zombie (Vaults:2)
  2 slime creatures (Vaults:1)
  Sigmund (D:3)
  3 air elementals
  2 shadows
  31 redbacks
  12 tarantellas
  4 water elementals
  9 yaks
  6 wraiths
  An ettin skeleton (Vaults:3)
  4 wyverns
  A golden eye (shapeshifter) (Vaults:2)
  5 fire elementals
  A basilisk (Lair:3)
  A hog (shapeshifter) (Vaults:1)
  2 vampire mosquitoes (D:15)
  6 wargs
  3 swamp worms
  An acid dragon (Vaults:1)
  5 water moccasins
  2 swamp drakes (Swamp:4)
  15 hell hounds
  5 sky beasts
  A black bear (shapeshifter) (Vaults:1)
  A hornet zombie (D:15)
  12 ice beasts
  An ettin simulacrum (Depths:1)
  7 black bears
  An ogre (shapeshifter) (Vaults:4)
  26 orc warriors
  A phantom (D:11)
  An eye of draining (D:15)
  5 centaurs
  5 human skeletons (Vaults:3)
  A necrophage (D:5)
  22 wolves
  17 ogres
  A boggart (Vaults:2)
  A human zombie (Vaults:2)
  A nameless horror (Lair:6)
  9 bullfrogs
  A gnoll sergeant (D:6)
  2 earth elementals
  2 wyvern zombies
  3 scorpions
  2 water moccasin skeletons
  3 killer bees (D:8)
  9 electric eels
  11 wights
  A howler monkey (D:7)
  3 bullfrog zombies
  3 hounds
  3 jellies
  11 orc wizards
  2 bullfrog skeletons
  13 orc priests
  3 iguanas
  Jessica (D:3)
  A hell rat (Lair:4)
  11 worker ants
  A hound zombie (D:6)
  A hound skeleton (D:4)
  A howler monkey zombie (D:4)
  4 gnolls (D:6)
  14 adders
  4 river rats (Lair:6)
  A shadow imp (D:12)
  2 white imps
  An ufetubus (D:6)
  2 adder zombies
  An adder skeleton (D:5)
  5 worms
  4 dart slugs
  5 leopard geckos
  67 orcs
  2 giant cockroaches
  7 goblins
  8 hobgoblins
  2 jackals (Sewer)
  14 kobolds
  4 quokkas
  4 ball pythons
  3 bats
  5 frilled lizards
  2 gnoll zombies (D:6)
  A jackal skeleton (D:4)
  6 rats
  2 fulminant prisms
868 creatures vanquished.

Vanquished Creatures (collateral kills)
  A tentacled monstrosity (Vaults:4)
  A lich (Depths:1)
  Frances (D:13)
  A sphinx (Vaults:2)
  A tengu reaver (Vaults:4)
  A thorn hunter (Swamp:4)
  A fire giant (Vaults:4)
  A frost giant (Vaults:4)
  A draconian knight (Vaults:2)
  8 vault wardens
  An orc warlord (D:9)
  An emperor scorpion (Spider:4)
  2 very ugly things (Vaults:4)
  8 ironheart preservers
  2 entropy weavers
  4 stone giants
  A deep elf demonologist (Vaults:4)
  6 bunyips
  The ghost of kazak the Ogre Mage, a journeyman OgTm of Makhleb (Orc:2)
  An eleionoma (Swamp:2)
  A deep elf death mage (Vaults:1)
  4 fire dragons
  A shambling mangrove (Swamp:4)
  Fannar (Lair:3)
  A great orb of eyes (Vaults:1)
  4 vault guards
  13 hydras
  5 yaktaur captains
  4 boulder beetles
  A rakshasa (Vaults:1)
  A centaur warrior (Vaults:1)
  A death knight (D:13)
  12 two-headed ogres
  3 ogre magi
  3 alligators
  A deep troll earth mage (Vaults:4)
  4 tengu warriors
  A deep troll shaman (Vaults:2)
  A dancing weapon (Elf:2)
  An orc high priest (Orc:2)
  A sun demon (Orc:2)
  A hell knight (Depths:1)
  4 deep elf knights
  A fire crab (Lair:6)
  2 skeletal warriors
  An infernal demonspawn (Orc:2)
  3 goliath frogs
  2 flayed ghosts
  5 swamp dragons
  A glowing orange brain (Vaults:2)
  4 deep trolls
  5 deep elf archers
  3 bog bodies
  A necromancer (D:15)
  7 orc knights
  3 orb spiders
  2 ironbrand convokers
  A lindwurm (Lair:6)
  A wizard (D:15)
  8 wolf spiders
  2 wolf spider zombies
  23 ugly things
  4 orc sorcerers (Orc:2)
  10 deep elf magi
  A will-o-the-wisp (Swamp:4)
  A frost giant zombie (Vaults:2)
  A rust devil (Orc:2)
  4 cyclopes
  3 black mambas
  4 vault sentinels
  A centaur zombie (D:15)
  5 cane toads
  2 orange demons (Orc:2)
  2 torpor snails
  A centaur skeleton (D:15)
  3 demonic crawlers
  An efreet (D:14)
  20 yaktaurs
  7 jumping spiders
  4 komodo dragons
  A yaktaur skeleton (Depths:1)
  6 tyrant leeches
  5 polar bears (Lair:6)
  5 trolls
  A polar bear (shapeshifter) (Vaults:2)
  12 hornets
  10 slime creatures
  A meliai zombie (D:15)
  A deep troll zombie (Depths:1)
  12 yaks
  8 tarantellas
  20 redbacks
  6 spriggans
  A shadow (D:15)
  A wraith (Vaults:1)
  A basilisk (Lair:6)
  A human (D:9)
  A yaktaur simulacrum (Vaults:1)
  4 vampire mosquitoes
  21 swamp worms
  2 wargs (Lair:6)
  5 water moccasins
  An acid dragon (D:13)
  A soldier ant (D:14)
  3 hell hounds
  19 orc warriors
  4 swamp drakes
  An ice beast (D:14)
  6 black bears
  An eye of draining (shapeshifter) (Vaults:1)
  A sky beast (shapeshifter) (Vaults:1)
  A black bear (shapeshifter) (Vaults:4)
  A necrophage (D:12)
  2 centaurs
  11 wolves
  10 ogres
  2 big kobolds
  3 bullfrogs
  7 killer bees
  3 wights (D:8)
  A nameless horror (Lair:6)
  A bullfrog zombie (D:10)
  A quasit (D:10)
  A bullfrog skeleton (D:9)
  17 orc priests
  A hound (D:10)
  10 orc wizards
  6 hell rats
  An iguana (D:9)
  5 worker ants
  5 river rats (Lair:6)
  An adder (D:10)
  45 orcs
  7 kobolds
  A rat (Lair:6)
567 creatures vanquished.

Vanquished Creatures (others)
  A very ugly thing (Vaults:4)
  A deep elf knight (Elf:1)
  A deep elf mage (Elf:2)
  An ugly thing (Vaults:4)
  A torpor snail (Lair:6)
  A bloated husk (Swamp:1)
  A wight (D:8)
  3 orc priests
  24 foxfires
  58 fulminant prisms
  24 fungi
  66 plants
182 creatures vanquished.

Grand Total: 1617 creatures vanquished

Notes
Turn   | Place    | Note
-------+----------+-------------------------------------------
     0 | D:1      | dolemite99 the Gnoll Ice Elementalist began the quest for
                  | the Orb.
     0 | D:1      | Reached XP level 1. HP: 13/13 MP: 6/6
   432 | D:1      | Reached XP level 2. HP: 13/19 MP: 5/7
  1013 | D:1      | Reached XP level 3. HP: 25/25 MP: 6/9
  1132 | D:1      | Reached skill level 5 in Spellcasting
  1140 | D:1      | You fall into a shaft and drop 1 floor!
  1262 | D:2      | Learned a level 3 spell: Frozen Ramparts
  1618 | D:2      | Reached skill level 1 in Invocations
  1792 | D:2      | Reached skill level 1 in Fighting
  1792 | D:2      | Reached skill level 1 in Short Blades
  1792 | D:2      | Reached skill level 1 in Long Blades
  1792 | D:2      | Reached skill level 1 in Axes
  1792 | D:2      | Reached skill level 1 in Maces & Flails
  1792 | D:2      | Reached skill level 1 in Polearms
  1792 | D:2      | Reached skill level 1 in Staves
  1792 | D:2      | Reached skill level 1 in Slings
  1792 | D:2      | Reached skill level 1 in Bows
  1792 | D:2      | Reached skill level 1 in Crossbows
  1792 | D:2      | Reached skill level 1 in Throwing
  1792 | D:2      | Reached skill level 1 in Armour
  1792 | D:2      | Reached skill level 1 in Shields
  1792 | D:2      | Reached skill level 1 in Unarmed Combat
  1792 | D:2      | Reached skill level 1 in Evocations
  1847 | D:2      | Reached XP level 4. HP: 32/32 MP: 11/11
  1937 | D:3      | Noticed Jessica
  1941 | D:3      | Killed Jessica
  2032 | D:3      | Found a glowing golden altar of the Shining One.
  2118 | D:3      | Noticed Sigmund
  2157 | D:3      | Reached skill level 1 in Conjurations
  2157 | D:3      | Reached skill level 1 in Hexes
  2157 | D:3      | Reached skill level 1 in Summonings
  2157 | D:3      | Reached skill level 1 in Necromancy
  2157 | D:3      | Reached skill level 1 in Translocations
  2157 | D:3      | Reached skill level 1 in Transmutations
  2157 | D:3      | Reached skill level 1 in Fire Magic
  2157 | D:3      | Reached skill level 1 in Air Magic
  2157 | D:3      | Reached skill level 1 in Earth Magic
  2157 | D:3      | Reached skill level 1 in Poison Magic
  2234 | D:5      | Entered Level 5 of the Dungeon
  2247 | D:4      | Found Erchumpy's Gadget Boutique.
  2257 | D:4      | Reached XP level 5. HP: 37/37 MP: 7/12
  2296 | D:4      | Bought a wand of flame (7) for 54 gold pieces
  2296 | D:4      | Bought a wand of enslavement (6) for 96 gold pieces
  2490 | D:4      | Found Onorgh's Distillery.
  2498 | D:4      | Bought a potion of lignification for 30 gold pieces
  2498 | D:4      | Bought a potion of curing for 30 gold pieces
  2515 | D:4      | Got a brightly glowing battleaxe
  2601 | D:4      | Learned a level 4 spell: Summon Ice Beast
  2632 | D:4      | Found Wirirr's Weapon Shoppe.
  3038 | D:4      | Reached XP level 6. HP: 33/44 MP: 13/13
  3260 | D:4      | Reached skill level 5 in Dodging
  3369 | D:4      | Found Fuoh's Gadget Shop.
  3395 | D:4      | Found Kacze's Book Shop.
  3536 | D:4      | Found a radiant altar of Vehumet.
  3542 | D:4      | Became a worshipper of Vehumet
  3584 | D:5      | Noticed a necrophage
  3605 | D:5      | Killed a necrophage
  3611 | D:5      | Reached XP level 7. HP: 40/48 MP: 12/15
  4152 | D:5      | Reached skill level 5 in Stealth
  4326 | D:5      | Found a blossoming altar of Fedhas.
  4477 | D:5      | Found a staircase to the Ecumenical Temple.
  4700 | D:5      | Reached XP level 8. HP: 45/55 MP: 12/16
  4863 | D:5      | Found an opulent altar of Gozag.
  4863 | D:5      | Found a faded altar of an unknown god.
  4869 | D:5      | Found a sacrificial altar of Ru.
  4872 | D:5      | Found a faded altar of an unknown god.
  4873 | D:5      | Found a hazy altar of Hepliaklqana.
  4911 | D:6      | Found a glowing drain.
  4923 | D:6      | Reached * piety under Vehumet
  4923 | D:6      | Offered knowledge of Shock by Vehumet.
  4967 | Sewer    | Entered a sewer
  4972 | Sewer    | Learned a level 3 spell: Call Canine Familiar
  4974 | Sewer    | Learned a level 1 spell: Shock
  5385 | D:6      | Found Imuxtick's Distillery.
  5392 | D:6      | Bought a potion of brilliance for 56 gold pieces
  5392 | D:6      | Bought a potion of might for 56 gold pieces
  5398 | D:6      | Found the brooch of Shielding {Spirit SH+8}
  5495 | D:6      | Noticed a wraith
  5586 | D:6      | Found Vusmejek's Antique Weapon Emporium.
  5689 | D:6      | Reached ** piety under Vehumet
  5706 | D:6      | Offered knowledge of Sandblast by Vehumet.
  5714 | D:6      | Found a basalt altar of Yredelemnul.
  5733 | D:6      | Found Zuuzure's Book Shop.
  5813 | D:6      | Learned a level 1 spell: Sandblast
  5842 | D:6      | Found Cafrakh's Magic Scroll Boutique.
  5850 | D:6      | Bought a scroll of identify for 26 gold pieces
  6119 | D:6      | Found Cuett's Distillery.
  6204 | D:6      | Killed a wraith
  6205 | D:6      | Reached XP level 9. HP: 48/63 MP: 18/18
  7249 | D:7      | Got a faintly glowing whip
  7580 | D:7      | Learned a level 4 spell: Hailstorm
  7643 | D:8      | Found a white marble altar of Elyvilon.
  8235 | D:8      | Noticed a manticore
  8239 | D:8      | Killed a manticore
  8370 | D:8      | Reached skill level 5 in Invocations
  8472 | D:8      | Offered knowledge of Ignite Poison by Vehumet.
  8481 | D:8      | Found a hazy altar of Hepliaklqana.
  8864 | D:8      | Reached *** piety under Vehumet
  8871 | D:8      | Reached XP level 10. HP: 73/73 MP: 20/20
  9009 | D:8      | Found a staircase to the Lair.
  9709 | Lair:1   | Entered Level 1 of the Lair of Beasts
  9740 | Lair:1   | Identified a scroll of acquirement
  9776 | Lair:1   | Acquired 683 gold pieces
  9888 | D:4      | Bought a book of Power for 450 gold pieces
  9896 | D:4      | Learned a level 5 spell: Bolt of Magma
 10063 | D:4      | Learned a level 3 spell: Ozocubu's Armour
 10109 | D:6      | Bought 2 scrolls of identify for 52 gold pieces
 10110 | D:6      | Identified the +8 whip of the Eel {vorpal, Int+3 Dex+4}
                  | (You found it on level 7 of the Dungeon)
 10117 | D:6      | Bought a scroll of blinking for 97 gold pieces
 10117 | D:6      | Bought a scroll of teleportation for 39 gold pieces
 10117 | D:6      | Bought a scroll of magic mapping for 45 gold pieces
 10117 | D:6      | Bought a scroll of amnesia for 45 gold pieces
 10163 | D:9      | Found a shadowy altar of Dithmenos.
 10362 | D:9      | Noticed an ice statue
 10382 | D:9      | Reached skill level 5 in Fighting
 10382 | D:9      | Reached skill level 5 in Short Blades
 10382 | D:9      | Reached skill level 5 in Long Blades
 10382 | D:9      | Reached skill level 5 in Axes
 10382 | D:9      | Reached skill level 5 in Maces & Flails
 10382 | D:9      | Reached skill level 5 in Polearms
 10382 | D:9      | Reached skill level 5 in Staves
 10382 | D:9      | Reached skill level 5 in Slings
 10382 | D:9      | Reached skill level 5 in Bows
 10382 | D:9      | Reached skill level 5 in Crossbows
 10382 | D:9      | Reached skill level 5 in Throwing
 10382 | D:9      | Reached skill level 5 in Armour
 10382 | D:9      | Reached skill level 5 in Shields
 10382 | D:9      | Reached skill level 5 in Unarmed Combat
 10382 | D:9      | Reached skill level 5 in Evocations
 10434 | D:9      | Found a staircase to the Orcish Mines.
 10443 | D:9      | Offered knowledge of Dazzling Flash by Vehumet.
 10702 | Lair:1   | Noticed an eight-headed hydra
 10709 | Lair:1   | Killed an eight-headed hydra
 11048 | Lair:1   | Reached **** piety under Vehumet
 11050 | Lair:1   | Offered knowledge of Airstrike by Vehumet.
 11078 | Lair:1   | Learned a level 4 spell: Airstrike
 11305 | Lair:1   | Noticed a cane toad
 11312 | Lair:1   | Killed a cane toad
 11361 | Lair:1   | Reached XP level 11. HP: 64/81 MP: 11/22
 12490 | Lair:2   | Reached skill level 5 in Conjurations
 12490 | Lair:2   | Reached skill level 5 in Hexes
 12490 | Lair:2   | Reached skill level 5 in Summonings
 12490 | Lair:2   | Reached skill level 5 in Necromancy
 12490 | Lair:2   | Reached skill level 5 in Translocations
 12490 | Lair:2   | Reached skill level 5 in Transmutations
 12490 | Lair:2   | Reached skill level 5 in Fire Magic
 12490 | Lair:2   | Reached skill level 5 in Air Magic
 12490 | Lair:2   | Reached skill level 5 in Earth Magic
 12490 | Lair:2   | Reached skill level 5 in Poison Magic
 12546 | Lair:2   | Found a runed translucent gate.
 12546 | Lair:2   | Found a runed translucent gate.
 12546 | Lair:2   | Found a runed translucent gate.
 12824 | Lair:2   | Found a hole to the Spider Nest.
 13081 | Lair:2   | Learned a level 4 spell: Summon Lightning Spire
 13114 | Lair:2   | You fall into a shaft and drop 2 floors!
 13477 | Lair:3   | Noticed a boulder beetle
 13506 | Lair:3   | Noticed a four-headed hydra
 13547 | Lair:3   | Killed a boulder beetle
 14239 | Lair:3   | Noticed Fannar
 14270 | Lair:3   | Killed Fannar
 15674 | Lair:3   | HP: 4/83 [poisoned by a cane toad]
 15682 | Lair:3   | HP: 3/83 [poisoned by a cane toad]
 15690 | Lair:3   | HP: 3/83 [poisoned by a cane toad]
 16328 | Lair:4   | Found a staircase to the Swamp.
 16759 | Lair:4   | Noticed a six-headed hydra
 16787 | Lair:4   | Killed a six-headed hydra
 17840 | Lair:5   | Found the +3 warlock's mirror {reflect}
 17989 | Lair:5   | Reached XP level 12. HP: 60/89 MP: 17/24
 18281 | Lair:5   | Noticed a seven-headed hydra
 18298 | Lair:5   | Killed a seven-headed hydra
 18474 | Lair:5   | Noticed a five-headed hydra
 18492 | Lair:5   | Killed a five-headed hydra
 18579 | Lair:5   | Found a staircase to the Slime Pits.
 18580 | Lair:5   | Found a viscous altar of Jiyva.
 18929 | Lair:5   | Found a runed translucent door.
 18930 | Lair:5   | Noticed Kaofid's ghost (journeyman GrEE)
 18932 | Lair:5   | Noticed a six-headed hydra
 18955 | Lair:5   | Killed a six-headed hydra
 19597 | D:6      | Bought 2 potions of curing for 84 gold pieces
 19597 | D:6      | Bought 2 potions of curing for 84 gold pieces
 19597 | D:6      | Bought a potion of magic for 112 gold pieces
 19597 | D:6      | Bought a potion of curing for 42 gold pieces
 19788 | Lair:6   | Entered Level 6 of the Lair of Beasts
 21117 | Lair:6   | Reached ***** piety under Vehumet
 21196 | Lair:6   | Offered knowledge of Conjure Ball Lightning by Vehumet.
 21460 | Lair:6   | Found a runed translucent door.
 21461 | Lair:6   | Noticed a fire dragon
 22042 | Lair:6   | Paralysed by a hornet for 1 turns
 24331 | Lair:6   | Reached XP level 13. HP: 95/98 MP: 13/26
 26379 | D:8      | Learned a level 6 spell: Iron Shot
 27359 | Orc:1    | Entered Level 1 of the Orcish Mines
 27359 | Orc:1    | Noticed an orc warlord
 27368 | Orc:1    | Offered knowledge of Irradiate by Vehumet.
 27487 | D:10     | Entered Level 10 of the Dungeon
 28240 | D:10     | Found a transporter.
 28303 | D:10     | Found a transporter.
 28572 | D:11     | Found a flagged portal.
 28597 | Bailey   | Entered a bailey
 29270 | Bailey   | Acquired dolemite99's Guide on Displaced Shape Shifting
 29567 | Bailey   | Offered knowledge of Freezing Cloud by Vehumet.
 29821 | D:11     | Reached skill level 10 in Ice Magic
 30287 | D:11     | Noticed Sonja
 30288 | D:11     | Noticed Sonja
 30288 | D:11     | Sonja changed into Sonja the black mamba
 30298 | D:11     | Killed Sonja the black mamba
 30895 | D:9      | Killed an orc warlord
 30988 | D:9      | Found a staircase to the Orcish Mines.
 31084 | D:9      | Found a shadowy altar of Dithmenos.
 31518 | D:9      | HP: 2/99 [ice statue] (12)]
 32851 | Orc:1    | Offered knowledge of Ozocubu's Refrigeration by Vehumet.
 32935 | Orc:2    | Entered Level 2 of the Orcish Mines
 33057 | Orc:2    | Noticed a stone giant
 33071 | Orc:2    | Killed a stone giant
 33329 | Orc:2    | Reached skill level 10 in Spellcasting
 33445 | Orc:2    | Found a staircase to the Elven Halls.
 34410 | Orc:2    | Found Roeme's Distillery.
 34416 | Orc:2    | Found Xott's Magic Scroll Boutique.
 35236 | Orc:2    | Bought a scroll of fear for 45 gold pieces
 35236 | Orc:2    | Bought a scroll of fog for 26 gold pieces
 35457 | Orc:2    | Found a runed translucent door.
 35458 | Orc:2    | Found a shimmering altar of Xom.
 35458 | Orc:2    | Noticed kazak's ghost (journeyman OgTm)
 36321 | Orc:2    | Reached ****** piety under Vehumet
 36329 | Orc:2    | Offered knowledge of Lightning Bolt by Vehumet.
 36330 | Orc:2    | Reached XP level 14. HP: 106/106 MP: 9/28
 36728 | Orc:2    | Reached skill level 10 in Dodging
 38072 | Orc:2    | Found Cipsiaf's Antique Weapon Shoppe.
 38072 | Orc:2    | Found Acakara's Gadget Emporium.
 38073 | Orc:2    | Found a one-way gate leading to the halls of Pandemonium.
 38077 | Orc:2    | Reached skill level 10 in Stealth
 38114 | Orc:2    | Upgraded the game from 0.26-a0-952-g76694b35de to
                  | 0.26-a0-958-gf3041fb45f
 38116 | Orc:2    | Bought a tin of tremorstones (2/2) for 600 gold pieces
 38125 | Orc:2    | Bought an ichor-stained dagger for 217 gold pieces
 38125 | Orc:2    | Identified the +8 dagger of the Jolly Deaths {flame, rF-
                  | rC+ rN+} (You bought it in a shop on level 2 of the Orcish
                  | Mines)
 38453 | Orc:2    | Bought a scroll of amnesia for 45 gold pieces
 38461 | Orc:2    | Learned a level 5 spell: Lightning Bolt
 38528 | Orc:2    | Bought a scroll of identify for 26 gold pieces
 38528 | Orc:2    | Bought a scroll of identify for 26 gold pieces
 38528 | Orc:2    | Bought a scroll of identify for 26 gold pieces
 38532 | Orc:2    | Bought 2 potions of heal wounds for 100 gold pieces
 38532 | Orc:2    | Bought a potion of haste for 100 gold pieces
 38663 | D:12     | Noticed Snorg
 38670 | D:12     | Found Plog's Weapon Boutique.
 38921 | D:12     | Killed Snorg
 39166 | D:12     | Reached skill level 10 in Invocations
 39930 | D:12     | Found a shadowy altar of Dithmenos.
 40197 | D:13     | Found a flickering gateway to a bazaar.
 40211 | Bazaar   | Entered a bazaar
 40211 | Bazaar   | Found Xeproru's Antique Armour Boutique.
 40211 | Bazaar   | Found Plog's Gadget Boutique.
 40211 | Bazaar   | Found Usiff's Book Shop.
 40211 | Bazaar   | Found Billub's Antique Armour Shop.
 40211 | Bazaar   | Found Qifaytt's Jewellery Boutique.
 40211 | Bazaar   | Found Yfialeka's Gadget Boutique.
 40485 | D:13     | Offered knowledge of Starburst by Vehumet.
 40806 | D:13     | Noticed Frances
 40816 | D:13     | Killed Frances
 41081 | D:13     | Learned a level 4 spell: Fulminant Prism
 41086 | D:13     | Learned a level 4 spell: Passage of Golubria
 43522 | D:14     | Offered knowledge of Lehudib's Crystal Spear by Vehumet.
 43592 | D:14     | You fall into a shaft and drop 1 floor!
 43592 | D:15     | Entered Level 15 of the Dungeon
 44686 | D:14     | Reached XP level 15. HP: 63/115 MP: 12/29
 45300 | D:6      | Bought a book of Minor Magic for 200 gold pieces
 45308 | D:6      | Learned a level 5 spell: Irradiate
 46270 | D:14     | Noticed Jorgrun
 46284 | D:14     | Killed Jorgrun
 46285 | D:14     | Reached skill level 10 in Fighting
 46285 | D:14     | Reached skill level 10 in Short Blades
 46285 | D:14     | Reached skill level 10 in Long Blades
 46285 | D:14     | Reached skill level 10 in Axes
 46285 | D:14     | Reached skill level 10 in Maces & Flails
 46285 | D:14     | Reached skill level 10 in Polearms
 46285 | D:14     | Reached skill level 10 in Staves
 46285 | D:14     | Reached skill level 10 in Slings
 46285 | D:14     | Reached skill level 10 in Bows
 46285 | D:14     | Reached skill level 10 in Crossbows
 46285 | D:14     | Reached skill level 10 in Throwing
 46285 | D:14     | Reached skill level 10 in Armour
 46285 | D:14     | Reached skill level 10 in Shields
 46285 | D:14     | Reached skill level 10 in Unarmed Combat
 46285 | D:14     | Reached skill level 10 in Evocations
 46858 | D:14     | Found a gate to the Vaults.
 47572 | D:15     | Found a sparkling altar of Nemelex Xobeh.
 48409 | D:15     | Found a staircase to the Depths.
 49158 | Orc:2    | Bought a potion of heal wounds for 50 gold pieces
 49158 | Orc:2    | Bought a potion of curing for 30 gold pieces
 49158 | Orc:2    | Bought a potion of curing for 30 gold pieces
 49364 | Swamp:1  | Entered Level 1 of the Swamp
 49476 | Swamp:1  | Offered knowledge of Fire Storm by Vehumet.
 49476 | Swamp:1  | Offered knowledge of Tornado by Vehumet.
 49476 | Swamp:1  | Offered knowledge of Ignition by Vehumet.
 50651 | Spider:1 | Entered Level 1 of the Spider Nest
 51692 | Spider:1 | Noticed a ghost moth
 51727 | Spider:1 | Killed a ghost moth
 52442 | Spider:2 | Noticed an emperor scorpion
 52450 | Spider:2 | Killed an emperor scorpion
 53556 | Spider:2 | Reached XP level 16. HP: 118/123 MP: 31/31
 54521 | Spider:2 | Noticed Azrael
 54584 | Spider:2 | Killed Azrael
 55948 | Spider:3 | Noticed Mara
 57770 | Swamp:2  | Acquired 1126 gold pieces
 57777 | Swamp:2  | Learned a level 2 spell: Blink
 59986 | Swamp:4  | Entered Level 4 of the Swamp
 62083 | Swamp:4  | Noticed a thorn hunter
 62088 | Swamp:4  | Killed a thorn hunter
 62674 | Swamp:4  | Got a decaying rune of Zot
 63630 | D:6      | Learned a level 3 spell: Mephitic Cloud
 63634 | D:6      | Learned a level 3 spell: Dazzling Flash
 63913 | Spider:4 | Entered Level 4 of the Spider Nest
 64064 | Spider:3 | Identified the -5 helmet of the Game of Life {rPois rF+
                  | Dex+5 Stlth-} (You found it on level 3 of the Spider Nest)
 64112 | Spider:3 | Reached XP level 17. HP: 99/131 MP: 31/33
 64689 | Spider:4 | Noticed Nikola
 64722 | Spider:4 | Learned a level 1 spell: Apportation
 64817 | Spider:4 | Noticed Aizul
 64831 | Spider:4 | Killed Aizul
 65023 | Spider:4 | Killed Nikola
 66255 | Spider:4 | Got a gossamer rune of Zot
 66693 | Lair:5   | Killed Kaofid's ghost
 67601 | D:6      | Bought a potion of resistance for 140 gold pieces
 67601 | D:6      | Bought a potion of haste for 140 gold pieces
 67601 | D:6      | Bought a potion of brilliance for 56 gold pieces
 67601 | D:6      | Bought a potion of berserk rage for 70 gold pieces
 67601 | D:6      | Bought a potion of curing for 42 gold pieces
 67666 | D:4      | Bought a potion of heal wounds for 50 gold pieces
 67666 | D:4      | Bought a potion of heal wounds for 50 gold pieces
 67666 | D:4      | Bought a potion of heal wounds for 50 gold pieces
 67666 | D:4      | Bought a potion of haste for 100 gold pieces
 67666 | D:4      | Bought a potion of curing for 30 gold pieces
 67666 | D:4      | Bought a potion of curing for 30 gold pieces
 67666 | D:4      | Bought a potion of might for 40 gold pieces
 67666 | D:4      | Bought 2 potions of curing for 60 gold pieces
 67716 | D:4      | Bought a lightning rod (4/4) for 360 gold pieces
 67716 | D:4      | Bought a wand of acid (3) for 168 gold pieces
 67716 | D:4      | Bought a wand of paralysis (11) for 156 gold pieces
 67716 | D:4      | Bought a wand of paralysis (12) for 168 gold pieces
 67716 | D:4      | Bought a wand of iceblast (9) for 156 gold pieces
 67922 | Vaults:1 | Entered Level 1 of the Vaults
 68237 | Vaults:1 | Found Juehysmi's Antique Armour Shoppe.
 69378 | Vaults:1 | Reached skill level 10 in Conjurations
 69378 | Vaults:1 | Reached skill level 10 in Hexes
 69378 | Vaults:1 | Reached skill level 10 in Summonings
 69378 | Vaults:1 | Reached skill level 10 in Necromancy
 69378 | Vaults:1 | Reached skill level 10 in Translocations
 69378 | Vaults:1 | Reached skill level 10 in Transmutations
 69378 | Vaults:1 | Reached skill level 10 in Fire Magic
 69378 | Vaults:1 | Reached skill level 10 in Air Magic
 69378 | Vaults:1 | Reached skill level 10 in Earth Magic
 69378 | Vaults:1 | Reached skill level 10 in Poison Magic
 71558 | Vaults:2 | Noticed Agnes
 71571 | Vaults:2 | Killed Agnes
 71676 | Vaults:2 | Noticed an ancient champion
 71691 | Vaults:2 | Reached XP level 18. HP: 133/140 MP: 14/34
 71864 | Vaults:2 | Found Uwytyaro's Antique Weapon Boutique.
 76755 | Vaults:3 | Found Veag's Gadget Boutique.
 76763 | Vaults:3 | Bought a wand of iceblast (9) for 208 gold pieces
 76763 | Vaults:3 | Bought a wand of iceblast (6) for 160 gold pieces
 76763 | Vaults:3 | Bought a wand of iceblast (3) for 112 gold pieces
 76763 | Vaults:3 | Bought a wand of iceblast (7) for 176 gold pieces
 78276 | D:3      | Killed Sigmund
 78426 | D:3      | Found a glowing golden altar of the Shining One.
 79269 | D:13     | Learned a level 6 spell: Statue Form
 80111 | Vaults:4 | Noticed a tentacled monstrosity
 80122 | Vaults:4 | Killed a tentacled monstrosity
 80133 | Vaults:4 | Reached XP level 19. HP: 115/147 MP: 23/36
 80172 | Vaults:4 | Noticed a tentacled monstrosity
 80183 | Vaults:4 | Killed a tentacled monstrosity
 81413 | D:6      | Bought a book of Necromancy for 300 gold pieces
 81419 | D:6      | Learned a level 4 spell: Animate Dead
 82316 | Vaults:3 | Found a staircase to the Crypt.
 85945 | Vaults:4 | Identified the Collected Works on Poison
 87102 | Orc:2    | Killed kazak's ghost
 87460 | Elf:1    | Entered Level 1 of the Elven Halls
 87800 | Elf:1    | Identified the +0 chain mail of Twilight {Str+4} (You found
                  | it on level 1 of the Elven Halls)
 87826 | Elf:1    | Found Fiuntaomn's Gadget Shop.
 87826 | Elf:1    | Found Racikus's Distillery.
 87827 | Elf:1    | Found Mouv's Magic Scroll Boutique.
 87831 | Elf:1    | Bought a scroll of amnesia for 59 gold pieces
 87831 | Elf:1    | Bought a scroll of amnesia for 59 gold pieces
 87831 | Elf:1    | Bought a scroll of blinking for 127 gold pieces
 87831 | Elf:1    | Found Pigosuso's Assorted Antiques.
 87851 | Elf:1    | Learned a level 6 spell: Eringya's Noxious Bog
 88686 | Elf:1    | Reached XP level 20. HP: 75/156 MP: 34/37
 91194 | Elf:2    | Found a runed translucent gate.
 91196 | Elf:2    | Found a runed translucent gate.
 91199 | Elf:2    | Found a runed translucent gate.
 91254 | Elf:2    | Acquired 892 gold pieces
 91643 | Depths:1 | Entered Level 1 of the Depths
 91643 | Depths:1 | Found Vorid's Assorted Antiques.
 91643 | Depths:1 | Found Qamud's Gadget Shoppe.
 92604 | D:15     | Killed from afar by a fire dragon

Illustrated notes

Levels and vault maps discovered:
D:1:      ncdulo_lavacross, layout_basic, hangedman_decor_riveting,
          minmay_misc_feat_tower, serial_park_tiny_2, nrook_uturn
D:2:      layout_basic
D:3:      layout_rooms, tso_metal_star, grunt_decor_arrowhead, uniq_sigmund,
          uniq_jessica
D:4:      layout_loops_corners, vehumet_statue, serial_shops, kennysheep_mini,
          shop, shop, shop, shop
D:5:      layout_rooms, chequers_temple_overflow_minitemple,
          minmay_temple_entry_purple_smoke, fedhas_altar_2
D:6:      layout_loops_cross, lemuel_zombie_altar_yredelemnul,
          gup_sewer_entry_glass, serial_shops, shop_fountains, shop, shop,
          nicolae_shop_competitors_out_of_business, shop
D:7:      layout_basic
D:8:      layout_layer_cave, old_standard_altar, david_lair_shrubbed,
          basic_altar
D:9:      layout_roguey, nicolae_overflow_crystal_walls, erik_orc_4,
          glass_columns_a, minivault_16, chequers_serial_rivers_micro_b
D:10:     gammafunk_cloud_chamber, layout_basic
D:11:     layout_irregular_city, enter_bailey_3, uniq_sonja
D:12:     minmay_twisted_water, layout_long_grid, serial_shops,
          nicolae_shop_stone, serial_co_window_serial, co_window_paths_b,
          co_window_paths_b, co_window_corner_a, co_window_corner_a,
          co_window_of_opportunity_a, co_window_broadway_b, co_window_2corner,
          co_window_corner_b, co_window_2corner, co_window_of_opportunity_b,
          glass_columns_c, glass_columns_a, glass_columns_a, glass_columns_b,
          grunt_dithmenos_shadows, uniq_snorg
D:13:     layout_roguey, serial_shops, bzr_in_the_mist, uniq_frances
D:14:     layout_basic, erik_vaults_2, chequers_avenue, gauntlet_entry_generic,
          uniq_jorgrun
D:15:     grunt_enter_depths_magical_seal, layout_loops_ring,
          nemelex_xobeh_ov_fountains_minmay, kennysheep_doodads,
          minmay_misc_feat_plants
Lair:1:   layout_long_grid
Lair:2:   layout_regular_city, spider_nest_entry_webs, gammafunk_ghost_ooze
Lair:3:   layout_roguey, grunt_megastairs_4, infiniplex_staircase_pool,
          uniq_fannar
Lair:4:   layout_cave_pods, swamp_mist, nicolae_quartered_pool_little
Lair:5:   layout_cave_pods, slime_altar_1, ebering_ghost_inner_flame
Lair:6:   wormcave, layout_misc_corridors, hangedman_lair_caniforms_friends,
          kennysheep_rathole
Swamp:1:  layout_falls_marsh, hangedman_swamp_cone
Swamp:2:  layout_basic_swamp, evilmike_swamp_ruin_rubble_1,
          infiniplex_staircase_pool_2
Swamp:3:  layout_basic_swamp, nicolae_swamp_triple_paths,
          hangedman_swamp_diagram
Swamp:4:  swamp_basic_johnstein, layout_basic_swamp, swamp_pool1
Spider:1: layout_spider_delve
Spider:2: layout_spider_delve, uniq_azrael
Spider:3: layout_spider_delve, portal_ice_cave_entry_ice_statue_two, uniq_mara
Spider:4: grunt_spider_rune_circles, uniq_aizul, uniq_nikola
Orc:1:    layout_caves
Orc:2:    pf_orc_diabolical, layout_caves, ebering_ghost_xom
Elf:1:    elf_arrival_002, layout_geoelf_diagonals, minmay_elf_crystal_hexagon,
          grunt_ministairs_7, kb_rosetta, minmay_shoptagon
Elf:2:    layout_geoelf_grid, serial_shops, bzr_firewalk
Vaults:1: vaults_room_ringed_pool, nicolae_vaults_little_squares_1, v_rooms_5,
          v_pattern_3, nicolae_vaults_network_star,
          ontoclasm_vaults_loading_screen, vaults_room_pools,
          hangedman_vaults_trim, nicolae_vaults_three_branches,
          layout_vaults_omnigrid, serial_shops, shop
Vaults:2: vaults_room_hallway, v_alt_pattern_1,
          nicolae_vaults_network_periphery, dpeg_vaults_monster_box, v_misc_15,
          v_alt_pattern_6, sword_in_stone, nicolae_vaults_asterisk,
          hangedman_vaults_slice, vaults_mumra_hexcomb,
          nicolae_vaults_little_squares_5, layout_vaults_big_cross,
          serial_shops, shop, portal_desolation_entry_nicolae_slug
Vaults:3: minmay_crypt_entry_skeletal_spiral, hangedman_vaults_cutoff,
          vaults_dpeg_spiral, nicolae_vaults_statue_guard,
          nicolae_vaults_windows_and_doors_thing, ontoclasm_vaults_fault,
          nicolae_vaults_little_squares_6, vaults_room_pools,
          vaults_dpeg_diagonal, layout_vaults_big_room, serial_shops,
          shop_fountains
Vaults:4: v_rooms_2, vaults_room_grid, hangedman_vaults_slice, v_alt_pattern_3,
          nicolae_vaults_c_with_doors, grunt_vaults_trifunnel,
          vaults_room_corners, ontoclasm_vaults_ligature,
          nicolae_vaults_back_hallway, v_pattern_2,
          ontoclasm_vaults_ring_square, v_misc_13, vaults_mumra_hex,
          vaults_room_pools, nicolae_vaults_big_angled_halls,
          ontoclasm_vaults_decontamination, layout_vaults_maze_bifur,
          serial_shops, bzr_entry_customers
Depths:1: cheibrodos_tormentor_scu, layout_cave_pools, rand_demon_pan_entry_9,
          hangedman_geh_valley, hangedman_abyss_entry_splay,
          serial_bayou_pond_a, serial_shops, shop, kennysheep_mini_moat, shop,
          nicolae_shop_waterfront, nicolae_shop_stone,
          minmay_fractal_squares_diagonal_5

Skill      XL: |  1  2  3  4  5  6  7  8  9 10 11 12 13 14 15 16 17 18 19 20 |
---------------+-------------------------------------------------------------+-----
Spellcasting   | 5 6 7 8 9 10 11 12 13 14 | 14.1
Invocations    | 1 2 3 4 5 6 7 8 9 10 11 12 13 14 | 14.4
Fighting       | 1 2 3 4 5 6 7 8 9 10 11 12 13 | 13.4
Short Blades   | 1 2 3 4 5 6 7 8 9 10 11 12 13 | 13.4
Long Blades    | 1 2 3 4 5 6 7 8 9 10 11 12 13 | 13.4
Axes           | 1 2 3 4 5 6 7 8 9 10 11 12 13 | 13.4
Maces & Flails | 1 2 3 4 5 6 7 8 9 10 11 12 13 | 13.4
Polearms       | 1 2 3 4 5 6 7 8 9 10 11 12 13 | 13.4
Staves         | 1 2 3 4 5 6 7 8 9 10 11 12 13 | 13.4
Slings         | 1 2 3 4 5 6 7 8 9 10 11 12 13 | 13.4
Bows           | 1 2 3 4 5 6 7 8 9 10 11 12 13 | 13.4
Crossbows      | 1 2 3 4 5 6 7 8 9 10 11 12 13 | 13.4
Throwing       | 1 2 3 4 5 6 7 8 9 10 11 12 13 | 13.4
Armour         | 1 2 3 4 5 6 7 8 9 10 11 12 13 | 13.4
Shields        | 1 2 3 4 5 6 7 8 9 10 11 12 13 | 13.4
Unarmed Combat | 1 2 3 4 5 6 7 8 9 10 11 12 13 | 13.4
Evocations     | 1 2 3 4 5 6 7 8 9 10 11 12 13 | 13.4
Conjurations   | 1 2 3 4 5 6 7 8 9 10 11 | 11.5
Hexes          | 1 2 3 4 5 6 7 8 9 10 11 | 11.5
Summonings     | 1 2 3 4 5 6 7 8 9 10 11 | 11.5
Necromancy     | 1 2 3 4 5 6 7 8 9 10 11 | 11.5
Translocations | 1 2 3 4 5 6 7 8 9 10 11 | 11.5
Transmutations | 1 2 3 4 5 6 7 8 9 10 11 | 11.5
Fire Magic     | 1 2 3 4 5 6 7 8 9 10 11 | 11.5
Air Magic      | 1 2 3 4 5 6 7 8 9 10 11 | 11.5
Earth Magic    | 1 2 3 4 5 6 7 8 9 10 11 | 11.5
Poison Magic   | 1 2 3 4 5 6 7 8 9 10 11 | 11.5
Dodging        | 5 6 7 8 9 10 11 12 13 14 | 14.0
Stealth        | 5 6 7 8 9 10 11 12 13 | 13.9
Ice Magic      | 8 9 10 11 12 13 | 13.2

Action                   |  1- 3 |  4- 6 |  7- 9 | 10-12 | 13-15 | 16-18 | 19-21 || total
-------------------------+-------+-------+-------+-------+-------+-------+-------++-------
Melee: Unarmed           |     3 |       |       |       |       |       |    69 ||    72
       Mace              |     8 |       |       |       |       |       |       ||     8
       Club              |     3 |       |       |       |       |       |       ||     3
       Bite              |     3 |     7 |    13 |     4 |    41 |   115 |    71 ||   254
       Spear             |     9 |    39 |   170 |     3 |       |       |       ||   221
       Punch             |       |       |     1 |       |       |       |       ||     1
       Whip              |       |       |       |    32 |    22 |       |       ||    54
       Eveningstar       |       |       |       |       |   153 |    34 |   207 ||   394
       Demon blade       |       |       |       |       |    63 |   240 |       ||   303
       Staff             |       |       |       |       |    47 |    46 |       ||    93
       Demon trident     |       |       |       |       |     8 |   483 |   255 ||   746
 Fire: Hunting sling     |       |       |       |   326 |   708 |       |       ||  1034
Throw: Dart              |       |       |     7 |     6 |    12 |     2 |    44 ||    71
       Boomerang         |       |       |     2 |    29 |    93 |   196 |   175 ||   495
       Throwing net      |       |       |       |     1 |       |       |       ||     1
       Stone             |       |       |       |       |     2 |       |       ||     2
       Javelin           |       |       |       |       |    27 |    21 |       ||    48
 Cast: Freeze            |    35 |    26 |    44 |     1 |       |       |       ||   106
       Frozen Ramparts   |       |     4 |    21 |    32 |    50 |    15 |     5 ||   127
       Call Canine Famil |       |       |     2 |       |       |       |       ||     2
       Summon Ice Beast  |       |       |       |    59 |   137 |   296 |    41 ||   533
       Ozocubu's Armour  |       |       |       |     9 |     6 |       |       ||    15
       Bolt of Magma     |       |       |       |     7 |    16 |       |       ||    23
       Summon Lightning  |       |       |       |    42 |   138 |   137 |    39 ||   356
       Airstrike         |       |       |       |    34 |    50 |     3 |       ||    87
       Lightning Bolt    |       |       |       |       |    78 |    26 |       ||   104
       Fulminant Prism   |       |       |       |       |     7 |    16 |    37 ||    60
       Iron Shot         |       |       |       |       |     3 |    15 |    13 ||    31
       Irradiate         |       |       |       |       |     2 |     2 |       ||     4
       Blink             |       |       |       |       |       |    43 |    22 ||    65
       Mephitic Cloud    |       |       |       |       |       |    55 |    50 ||   105
       Apportation       |       |       |       |       |       |     1 |       ||     1
       Statue Form       |       |       |       |       |       |       |     6 ||     6
       Animate Dead      |       |       |       |       |       |       |     3 ||     3
Evoke: Wand              |       |       |    17 |    26 |    65 |    34 |    40 ||   182
       Box of beasts     |       |       |       |     1 |     8 |     7 |     5 ||    21
       Condenser vane    |       |       |       |       |     5 |     8 |     4 ||    17
       Tin of tremorston |       |       |       |       |     4 |     9 |     7 ||    20
       Phantom mirror    |       |       |       |       |       |     5 |     5 ||    10
       Lightning rod     |       |       |       |       |       |     4 |     8 ||    12
       Phial of floods   |       |       |       |       |       |     2 |     4 ||     6
  Use: Scroll            |     2 |     1 |    16 |    20 |    23 |    23 |     6 ||    91
       Potion            |       |       |     2 |     1 |    13 |    11 |     3 ||    30
 Stab: Sleeping          |     4 |     3 |     7 |     3 |     4 |     4 |     1 ||    26
       Distracted        |       |       |     4 |       |     3 |    16 |     9 ||    32
       Paralysed         |       |       |       |       |     2 |    13 |     1 ||    16
       Confused          |       |       |       |       |       |    18 |    25 ||    43
Armor: Robe              |     8 |     8 |    19 |    47 |   100 |       |       ||   182
       Skin              |       |       |    23 |       |       |       |    72 ||    95
       Acid dragon scale |       |       |       |       |   164 |    69 |       ||   233
       Swamp dragon scal |       |       |       |       |       |   313 |   140 ||   453
Dodge: Dodged            |    33 |    31 |   146 |   181 |   537 |   602 |   393 ||  1923
Block: Buckler           |       |       |    37 |    89 |   420 |   454 |   300 ||  1300
       Reflection        |       |       |       |       |    55 |    72 |    49 ||   176
       Rpst.: Demon blade |       |       |       |       |    10 |    33 |       ||    43

Table legend: (Time is in decaauts)
 A = Elapsed time spent in this place.
 B = Non-inter-level travel time spent in this place.
 C = Inter-level travel time spent in this place.
 D = Time resting spent in this place.
 E = Time spent auto-exploring this place.
 F = Levels seen in this place.
 G = Mean time per level.
                   A        B        C        D        E       F      G
               +--------+--------+--------+--------+--------+-----+--------+
         Total |  92472 |  84517 |   7955 |  41391 |  28234 |  41 | 2255.4 |
       Dungeon |  29927 |  25605 |   4322 |  10254 |  10226 |  15 | 1995.1 |
          Lair |  17141 |  15907 |   1234 |   7962 |   5948 |   6 | 2856.8 |
         Swamp |   8211 |   7983 |    228 |   4177 |   2578 |   4 | 2052.8 |
   Spider Nest |   7959 |   7627 |    332 |   4730 |   1432 |   4 | 1989.8 |
  Orcish Mines |   6717 |   6011 |    706 |   3225 |   1678 |   2 | 3358.5 |
   Elven Halls |   3989 |   3927 |     62 |   1618 |   1495 |   2 | 1994.5 |
        Vaults |  16884 |  15814 |   1070 |   8537 |   4551 |   4 | 4221.0 |
        Depths |    198 |    198 |      0 |     82 |      0 |   1 |  198.0 |
        Bazaar |     23 |     23 |      0 |      0 |     14 |   1 |   23.0 |
         Sewer |    332 |    332 |      0 |    191 |     46 |   1 |  332.0 |
        Bailey |   1086 |   1086 |      0 |    613 |    264 |   1 | 1086.0 |
               +--------+--------+--------+--------+--------+-----+--------+

Top non-repeatable levels by time:
  Lair:6: 6744 daAuts
   Orc:2: 6038 daAuts
Vaults:4: 5202 daAuts
Vaults:2: 4330 daAuts
     D:9: 3993 daAuts
Vaults:3: 3692 daAuts
Vaults:1: 3658 daAuts
    D:15: 3314 daAuts
 Swamp:4: 3311 daAuts
  Lair:3: 2994 daAuts
   Elf:1: 2902 daAuts
     D:8: 2862 daAuts
    D:13: 2859 daAuts
Spider:2: 2849 daAuts
Spider:1: 2757 daAuts
